 Dungeon Crawl Stone Soup version 0.28-a0-563-gf77a47075d (webtiles) character file.

Game seed: 2387451753792287156

10665 IndexError the Grappler (level 11, 0/117 HPs)
             Began as a Troll Hunter on Sept 30, 2021.
             Was a High Priest of Zin.
             Killed from afar by a raiju (3 damage)
             ... with a living lightning
             ... on level 1 of the Abyss.
             The game lasted 00:22:43 (9644 turns).

IndexError the Grappler (Troll Hunter)              Turns: 9644, Time: 00:22:43

Health: 0/117      AC:  8    Str: 22    XL:     11   Next: 39%
Magic:  10/10      EV: 12    Int:  7    God:    Zin [*****.]
Gold:   435        SH:  0    Dex: 13    Spells: 10/10 levels left

rFire   + . .      SeeInvis +     - Unarmed
rCold   + . .      Faith    .   (no shield)
rNeg    . . .      Spirit   .   b - +0 robe
rPois   +          Reflect  .   v - +2 hat
rElec   +          Harm     .   t - +1 cloak
rCorr   +          Rampage  .   (gloves unavailable)
Will    .....                   (boots unavailable)
Stlth   +.........              a - amulet of regeneration {+regen, !d}
HPRegen 0.00/turn               w - ring of flight {+Fly, !d}
MPRegen 0.12/turn               D - ring of see invisible {sInv, !d}

@: resistant, flying, mildly diseased, slowed, very slow
A: large, unfitting armour, claws 3, regeneration 1, shaggy fur 1, tough skin 1
a: Renounce Religion, Recite, Vitalisation, Imprison, Sanctuary, Donate Gold


You were on level 1 of the Abyss.
You worshipped Zin.
Zin was extremely pleased with you.
You visited 2 branches of the dungeon, and saw 11 of its levels.
You visited the Abyss 1 time.
You also visited: Ossuary.

You collected 566 gold pieces.
You spent 75 gold pieces at shops.
You donated 56 gold pieces to Zin.

Inventory:

Hand Weapons
 k - a +5 long sword of flaming
   (You took it off a wight on level 6 of the Dungeon)
Missiles
 c - 12 large rocks (quivered) {!d}
 d - 4 throwing nets {=f, !d}
Armour
 b - a +0 robe (worn)
 t - a +1 cloak (worn)
   (You took it off Crazy Yiuf on level 3 of the Dungeon)
 v - a +2 hat (worn)
   (You found it on level 4 of the Dungeon)
Magical Staves
 C - a staff of cold {rC+}
   (You found it on level 8 of the Dungeon)
Jewellery
 a - an amulet of regeneration (around neck) {+regen, !d}
   (You found it on level 3 of the Dungeon)
 n - a ring of ice {rC+, rF-}
   (You found it on level 1 of the Dungeon)
 q - a ring of fire {rF+, rC-}
   (You found it on level 8 of the Dungeon)
 w - a ring of flight (left claw) {+Fly, !d}
   (You found it on level 4 of the Dungeon)
 D - a ring of see invisible (right claw) {sInv, !d}
   (You found it on level 8 of the Dungeon)
Wands
 j - a wand of charming (6)
   (You took it off Erolcha on level 9 of the Dungeon)
 B - a wand of flame (21)
   (You found it on level 7 of the Dungeon)
Scrolls
 h - 5 scrolls of teleportation
 i - a scroll of identify
 o - a scroll of fog
 p - 3 scrolls of enchant weapon
 y - a scroll of brand weapon
Potions
 e - 4 potions of heal wounds {unknown}
 f - 2 potions of might
 g - 2 potions of haste
 l - 2 potions of flight {unknown}
 m - 3 potions of cancellation
 r - 5 potions of curing
 s - a potion of resistance
 x - a potion of invisibility
 z - 3 potions of magic {unknown}
 A - a potion of ambrosia
 E - a potion of lignification {unknown}


   Skills:
 - Level 10.0 Fighting
 + Level 7.3 Throwing
 + Level 6.0 Dodging
 - Level 0.3 Stealth
 - Level 10.0 Unarmed Combat


You had 10 spell levels left.
You didn't know any spells.
Your spell library contained the following spells:

 Spells                   Type           Power      Damage    Failure   Level
 Sting                    Tmut/Pois      0%         1d3       43%         1
 Corpse Rot               Necr/Air       N/A        N/A       56%         2
 Poisonous Vapours        Pois/Air       0%         N/A       56%         2
 Dispel Undead            Necr           0%         3d6       99%         4
 Olgreb's Toxic Radiance  Pois           0%         N/A       99%         4
 Death Channel            Necr           0%         N/A       100%        6


Dungeon Overview and Level Annotations

Branches:
Dungeon (10/15)            Temple (1/1) D:5            Lair (0/6) D:10
Ossuary (visited)
    Orc: D:9-12

Altars:
Ashenzari
Cheibriados
Dithmenos
Elyvilon
Fedhas
Gozag
Hepliaklqana
Kikubaaqudgha
Makhleb
Nemelex Xobeh
Qazlal
Ru
Sif Muna
Trog
Uskayaw
Vehumet
Wu Jian
Xom
Yredelemnul
Zin

Shops:
D:4 *

Annotations:
D:10 2 transporters, 4 runed translucent doors, Lymetel's ghost, journeyman GnFi


Innate Abilities, Weirdness & Mutations

You are too large for most types of armour.
You have claws for hands.
Your natural rate of healing is unusually fast.
You are covered in fur. (AC +1)
You have tough skin. (AC +1)


Message History

The ufetubus closely misses you.
Your tentacled starspawn bites the ancient zyme.
Your tentacled starspawn closely misses the ancient zyme.
You take 11 damage, and have 63/117 hp.
The small abomination hits you!
Your raiju bites the lich!
Your raiju shocks the lich!
Your tentacled starspawn bites the ufetubus!
The ufetubus disappears in a puff of smoke!
You take 13 damage, and have 50/117 hp.
The small abomination misses you. The lich touches your raiju!
The lich drains your raiju.
Your raiju bites the lich but does no damage.
A tentacle flies out from the starspawn's body!
The small abomination hits you.
You take 3 damage, and have 47/117 hp.
You feel ill.
The lich conjures an orb of pure magic.
The wavering orb of destruction weakly hits your raiju!!
Your raiju's corpse dissolves into shadows!
Your glowing orange brain pulsates.
Your raiju misses the lich.
Your starspawn tentacle grabs the ufetubus.
Your starspawn tentacle constricts the ufetubus.
You regained 2 hp, and now have 49/117 hp.
The ufetubus struggles to escape constriction.
Your starspawn tentacle loses its grip on the ufetubus.
The tentacle pulls the ufetubus backwards!
Your starspawn tentacle grabs the ufetubus.
Your starspawn tentacle constricts the ufetubus.
The ufetubus struggles to escape constriction.
Something hits your glowing orange brain but does no damage.
Something hits your glowing orange brain!
Your starspawn tentacle constricts the ufetubus.
The ufetubus barely misses your tentacled starspawn.
The ufetubus hits your tentacled starspawn.
The ufetubus barely misses your tentacled starspawn.
The ufetubus hits your tentacled starspawn.
Your tentacled starspawn bites the ufetubus!!
The ufetubus disappears in a puff of smoke!
Something hits your tentacled starspawn. x2
Your starspawn tentacle grabs something.
Your starspawn tentacle constricts something.
The small abomination closely misses you.
You claw the small abomination! You scratch the small abomination.
The small abomination hits you!
The lich mumbles some strange words.
The lich flickers and vanishes for a moment.
You take 10 damage, and have 39/117 hp.
You barely miss the small abomination.
The small abomination barely misses you.
The ynoxinul barely misses your glowing orange brain.
You claw the small abomination! Zin accepts your kill.
Your Dodging skill increases to level 6!
A raiju comes into view.
The raiju barks!
The ynoxinul gestures at you.
The iron shot misses your glowing orange brain.
The iron shot hits you!
* * * LOW HITPOINT WARNING * * *
You take 17 damage, and have 22/117 hp.
The raiju bursts into living lightning!
The living lightning hits you!!
* * * LOW HITPOINT WARNING * * *
The raiju blinks!
You take 19 damage, and have 3/117 hp.
You claw the raiju! The raiju barely misses you.
The ynoxinul hits your glowing orange brain.
You claw the raiju! You scratch the raiju but do no damage.
The raiju barely misses you.
The ynoxinul hits your glowing orange brain.
You barely miss the raiju. The raiju closely misses you.
Your glowing orange brain pulsates.
Your glowing orange brain radiates an aura of fear!
The raiju looks frightened!
The ynoxinul barely misses your glowing orange brain.
You barely miss the raiju.
The ynoxinul gestures.
Your glowing orange brain dissolves into shadows!
You closely miss the raiju.
The lich gestures at you while chanting.
You feel yourself slow down.
The ynoxinul gestures.
The ynoxinul gestures.
The lich mumbles some strange words.
The lich seems to speed up.
You see here 14 gold pieces.
You feel better.
The ynoxinul gestures.
You regained 8 hp, and now have 11/117 hp.
You feel protected. The lich touches you!
* * * LOW HITPOINT WARNING * * *
You take 8 damage, and have 3/117 hp.
You fail to use your ability.
The lich touches you but does no damage. x2
The lich gestures at you while chanting.
You feel as though you will be slow longer.
The raiju bursts into living lightning!
The living lightning hits you. You resist.
You die...

#. §# # ...# #
#..#####3 ..# ..
.....#. #.#. .
.#.....#...####.#
.#.#.#.#L###h.##
# .3.3###. .##
#.##.####5###h.
#.##....35#.##
#..?..5.#L@.# ##.
...§#.##..#
#...##..#§. #.#
#....##....§. ..
#..##......#.# #
... ##...#....
... #.......## .#
###..# .#


You could see a lich (fast, invisible), a raiju, a ynoxinul and 2 ufetubi.

Vanquished Creatures
  A very ugly thing (Abyss:1)
  Erolcha (D:9)
  A two-headed ogre (D:10)
  A troll (D:10)
  3 wyverns
  A vampire (D:6)
  19 yaks
  A wraith (Ossuary)
  A shadow (D:10)
  A human (D:6)
  A small abomination (Abyss:1)
  7 water moccasins
  5 orc warriors
  2 hornet zombies
  2 ice beasts
  2 sky beasts (D:8)
  A black bear (D:5)
  6 centaurs
  An ogre (D:7)
  A phantom (D:6)
  Blork the orc (D:5)
  2 bullfrogs
  A gnoll sergeant (D:6)
  A water moccasin skeleton (D:6)
  6 wights
  9 electric eels (D:9)
  4 howler monkeys
  A centaur zombie (D:6)
  A gnoll shaman (D:5)
  A jelly (D:5)
  Crazy Yiuf (D:3)
  A bullfrog zombie (D:7)
  8 orc priests
  2 hounds
  2 bullfrog skeletons
  2 centaur skeletons
  2 iguanas
  7 orc wizards
  3 mummies (Ossuary)
  Robin (D:2)
  8 gnolls
  14 adders
  2 adder skeletons (D:4)
  A worm (D:2)
  2 dart slugs
  19 orcs
  7 ball pythons
  6 endoplasms
  A giant cockroach (D:4)
  15 goblins
  6 hobgoblins
  3 jackals (D:4)
  5 quokkas
  5 bats
  2 frilled lizards
  2 goblin zombies
  2 hobgoblin zombies (Ossuary)
  A jackal zombie (D:6)
  7 kobolds
  2 kobold zombies (Ossuary)
  2 orc zombies (Ossuary)
  6 rats
232 creatures vanquished.

Vanquished Creatures (others)
  An orc (D:9)
  A fungus (D:10)
  3 plants (D:10)
  A starspawn tentacle (Abyss:1)
6 creatures vanquished.

Grand Total: 238 creatures vanquished

Notes
Turn   | Place    | Note
-------+----------+-------------------------------------------
     0 | D:1      | IndexError the Troll Hunter began the quest for the Orb.
     0 | D:1      | Reached XP level 1. HP: 19/19 MP: 0/0
   230 | D:1      | Reached skill level 1 in Unarmed Combat
   252 | D:1      | Reached skill level 2 in Fighting
   252 | D:1      | Reached XP level 2. HP: 28/28 MP: 1/1
   649 | D:1      | Found a faded altar of an unknown god.
   816 | D:1      | Became a worshipper of Zin the Law-Giver
   816 | D:1      | Reached * piety under Zin
  1007 | D:1      | Reached XP level 3. HP: 30/36 MP: 2/2
  1022 | D:2      | Reached skill level 2 in Unarmed Combat
  1121 | D:2      | Reached XP level 4. HP: 44/44 MP: 3/3
  1540 | D:3      | Noticed Robin
  1604 | D:2      | Reached skill level 3 in Fighting
  1606 | D:2      | Reached skill level 3 in Unarmed Combat
  1616 | D:2      | Killed Robin
  1637 | D:3      | Reached XP level 5. HP: 38/53 MP: 4/4
  1898 | D:3      | Reached ** piety under Zin
  2485 | D:3      | Found a runed translucent door.
  2486 | D:3      | Noticed Crazy Yiuf
  2498 | D:3      | HP: 9/51 [Crazy Yiuf (15)]
  2498 | D:3      | HP: 4/49 [Crazy Yiuf (5)]
  2500 | D:3      | HP: 1/49 [Crazy Yiuf (5)]
  2501 | D:3      | Killed Crazy Yiuf
  2599 | D:4      | Reached skill level 4 in Unarmed Combat
  2604 | D:4      | Reached XP level 6. HP: 62/62 MP: 5/5
  2883 | D:4      | Reached skill level 4 in Fighting
  2906 | D:4      | Found a glowing silver altar of Zin.
  2912 | D:4      | Identified the +0 ring mail "Wesecius" {Drain Will+ Dex+4
                  | Slay+4}
  2943 | D:4      | Found Tasmopp's Mass Market.
  2951 | D:4      | Bought 4 large rocks for 33 gold pieces
  2951 | D:4      | Bought 5 large rocks for 42 gold pieces
  2959 | D:4      | Noticed an orc warrior
  2968 | D:4      | Killed an orc warrior
  3017 | D:4      | Reached *** piety under Zin
  3346 | D:5      | Entered Level 5 of the Dungeon
  3367 | D:5      | Noticed Blork the orc
  3369 | D:5      | Killed Blork the orc
  3370 | D:5      | Reached skill level 5 in Unarmed Combat
  3370 | D:5      | Reached XP level 7. HP: 65/71 MP: 6/6
  3512 | D:5      | Found a sparkling altar of Nemelex Xobeh.
  3540 | D:5      | Reached skill level 5 in Fighting
  3633 | D:5      | Reached skill level 6 in Unarmed Combat
  3785 | D:5      | Found a staircase to the Ecumenical Temple.
  4028 | D:5      | Reached **** piety under Zin
  4313 | Temple   | Entered the Ecumenical Temple
  4934 | D:6      | Reached XP level 8. HP: 81/81 MP: 7/7
  5103 | D:6      | Reached skill level 6 in Fighting
  5103 | D:6      | Reached skill level 7 in Unarmed Combat
  5210 | D:6      | Found a blossoming altar of Fedhas.
  5213 | D:6      | Found a white marble altar of Elyvilon.
  5218 | D:6      | Found an ornate altar of the Wu Jian Council.
  5343 | D:6      | Reached skill level 8 in Unarmed Combat
  5347 | D:6      | Reached skill level 7 in Fighting
  5560 | D:6      | Found a runed translucent door.
  5567 | D:6      | Found a basalt altar of Yredelemnul.
  5604 | D:6      | Reached XP level 9. HP: 87/93 MP: 8/8
  5963 | D:7      | Reached skill level 9 in Unarmed Combat
  5999 | D:7      | You are sucked into a shaft and drop 3 floors!
  5999 | D:10     | Entered Level 10 of the Dungeon
  6000 | D:10     | Noticed a kobold demonologist
  6003 | D:10     | Found a transporter.
  6058 | D:9      | Reached ***** piety under Zin
  6059 | D:9      | Reached skill level 8 in Fighting
  6134 | D:9      | Found a hide-covered altar of Uskayaw.
  6259 | D:9      | Noticed Erolcha
  6268 | D:9      | Killed Erolcha
  6269 | D:9      | Reached skill level 9 in Fighting
  6269 | D:9      | Reached skill level 10 in Unarmed Combat
  6269 | D:9      | Reached XP level 10. HP: 38/107 MP: 9/9
  6543 | D:8      | Found a sand-covered staircase.
  6569 | Ossuary  | Entered an ossuary
  6952 | D:8      | Reached skill level 2 in Dodging
  7097 | D:7      | Reached skill level 4 in Throwing
  7927 | D:8      | Reached skill level 3 in Dodging
  8077 | D:8      | Found a shimmering blue altar of Sif Muna.
  8406 | D:8      | Reached skill level 10 in Fighting
  8406 | D:8      | Reached skill level 5 in Throwing
  8488 | D:8      | Reached skill level 4 in Dodging
  9178 | D:10     | Noticed a deep elf knight
  9263 | D:10     | Found a large runed translucent door.
  9263 | D:10     | Noticed a two-headed ogre
  9266 | D:10     | Killed a two-headed ogre
  9267 | D:10     | Reached skill level 6 in Throwing
  9267 | D:10     | Reached XP level 11. HP: 117/117 MP: 10/10
  9350 | D:10     | Reached skill level 5 in Dodging
  9435 | D:10     | Found a staircase to the Lair.
  9465 | D:10     | Found a runed translucent gate.
  9465 | D:10     | Found a runed translucent gate.
  9465 | D:10     | Found a runed translucent gate.
  9466 | D:10     | Noticed a centaur warrior
  9466 | D:10     | Noticed a stone giant
  9468 | D:10     | Noticed Lymetel's ghost (journeyman GnFi)
  9470 | D:10     | Noticed an ogre mage
  9498 | D:10     | Found a transporter.
  9503 | D:10     | Reached skill level 7 in Throwing
  9503 | D:10     | Cast into level 1 of the Abyss (gnoll sergeant)
  9539 | Abyss:1  | Noticed a red very ugly thing
  9560 | Abyss:1  | Killed a red very ugly thing
  9608 | Abyss:1  | Noticed a lich
  9626 | Abyss:1  | Reached skill level 6 in Dodging
  9627 | Abyss:1  | HP: 22/117 [ynoxinul/iron shot (17)]
  9629 | Abyss:1  | HP: 3/117 [raiju/living lightning (19)]
  9642 | Abyss:1  | HP: 3/117 [lich (8)]
  9644 | Abyss:1  | Killed from afar by a raiju

Illustrated notes

Levels and vault maps discovered:
D:1:      dpeg_arrival_arbitrary_c, layout_basic,
          dreamdust_ecumenical_altar_hidden_monk_grotto, st_stairs_8,
          serial_bayou_lagoon_a, item_on_display_a
D:2:      layout_basic
D:3:      layout_rooms, serial_glass, glass_columns_a, glass_columns_a,
          glass_columns_b, glass_columns_a, palyth_stone_intersect,
          uniq_crazy_yiuf_cottage, uniq_robin
D:4:      layout_loops_ring, zin_statuary, kennysheep_path_1,
          minmay_strange_pillars, minmay_shop_mass
D:5:      layout_basic, mainiacjoe_overflow_chevrons,
          minmay_temple_entry_nine_rooms, uniq_blork_the_orc
D:6:      layout_loops_ring, grunt_temple_overflow_diamond,
          dk_yredelemnul_ordeal, nrook_mini_backslash, kennysheep_small_square
D:7:      minmay_inner_zag, layout_basic
D:8:      layout_rooms, kennysheep_mini_moat, serial_co_window_serial,
          co_window_of_opportunity_a, co_window_paths_a, co_window_corner_a,
          co_window_paths_b, co_window_paths_b, co_window_of_opportunity_c,
          co_window_paths_c, co_window_cross_2, glass_columns_b,
          glass_columns_a, glass_columns_a, enter_ossuary_3, corner_web_ring
D:9:      layout_basic, nicolae_overflow_crystal_walls, minivault_4,
          chequers_mini_garden, kennysheep_boxes, uniq_erolcha
D:10:     gammafunk_wand_slinger, layout_irregular_city, jmf_multi_god_temple2,
          minmay_lair_entry_grove, gammafunk_ghost_split
Temple:   minmay_temple_forest_path
Abyss:1:  base:
D:3

Skill      XL: |  1  2  3  4  5  6  7  8  9 10 11 |
---------------+----------------------------------+-----
Unarmed Combat | 1 2 3 4 5 6 8 10 | 10.0
Fighting       | 2 3 4 5 7 9 10 | 10.0
Dodging        | 4 6 |  6.0
Throwing       | 6 7 |  7.3
Stealth        | |  0.3

Action                   |  1- 3 |  4- 6 |  7- 9 | 10-12 || total
-------------------------+-------+-------+-------+-------++-------
Melee: Unarmed           |    66 |   174 |   163 |   314 ||   717
       Punch             |     1 |     1 |     4 |    12 ||    18
Throw: Large rock        |       |    10 |    20 |    26 ||    56
Invok: Recite            |       |       |     3 |     2 ||     5
  Use: Scroll            |       |       |    15 |     7 ||    22
       Potion            |       |       |       |     2 ||     2
 Stab: Sleeping          |       |     5 |     2 |       ||     7
       Invisible         |       |     1 |       |       ||     1
       Confused          |       |       |     1 |       ||     1
Armor: Robe              |    28 |    55 |    46 |    55 ||   184
Dodge: Dodged            |    40 |    89 |    60 |   126 ||   315

Table legend: (Time is in decaauts)
 A = Elapsed time spent in this place.
 B = Non-inter-level travel time spent in this place.
 C = Inter-level travel time spent in this place.
 D = Time resting spent in this place.
 E = Time spent auto-exploring this place.
 F = Levels seen in this place.
 G = Mean time per level.
                   A        B        C        D        E       F      G
               +--------+--------+--------+--------+--------+-----+--------+
         Total |   9636 |   8410 |   1226 |     41 |   6312 |  13 |  741.2 |
       Dungeon |   8662 |   7475 |   1187 |     41 |   5614 |  10 |  866.2 |
        Temple |    464 |    425 |     39 |      0 |    412 |   1 |  464.0 |
         Abyss |    140 |    140 |      0 |      0 |      0 |   1 |  140.0 |
       Ossuary |    368 |    368 |      0 |      0 |    286 |   1 |  368.0 |
               +--------+--------+--------+--------+--------+-----+--------+

Top non-repeatable levels by time:
     D:5: 1106 daAuts
     D:8: 1076 daAuts
     D:9: 1041 daAuts
     D:1: 1017 daAuts
     D:6: 895 daAuts
     D:7: 894 daAuts
     D:2: 890 daAuts
     D:3: 726 daAuts
     D:4: 724 daAuts
  Temple: 464 daAuts
 Ossuary: 368 daAuts
    D:10: 289 daAuts
 Abyss:1: 140 daAuts

Table legend:
 A = Kills in this place as a percentage of kills in entire the game.
 B = Kills by you in this place as a percentage of kills by you in the entire game.
 C = Kills by friends in this place as a percentage of kills by friends in the entire game.
 D = Other kills in this place as a percentage of other kills in the entire game.
 E = Experience gained in this place as a percentage of experience gained in the entire game.
 F = Experience gained in this place divided by the number of levels of this place that you have seen.
                   A       B       C       D       E      F
               +-------+-------+-------+-------+-------+----------------------
         Total | 100.0 | 100.0 |   N/A |   N/A | 100.0 | 1172.1
       Dungeon |  94.8 |  94.8 |   N/A |   N/A |  89.8 | 1369.0
         Abyss |   0.9 |   0.9 |   N/A |   N/A |   8.4 | 1284.0
       Ossuary |   4.3 |   4.3 |   N/A |   N/A |   1.7 | 263.0
               +-------+-------+-------+-------+-------+----------------------
